 Dungeon Crawl Stone Soup version 0.24-a0-378-g94936e539c (webtiles) character file.

Game seed: 3591778318613772994

318 HAL9000 the Cutter (level 6, 0/30 HPs)
             Began as a Vine Stalker Assassin on June 2, 2019.
             Slain by Duvessa
             ... wielding a +0 rapier
              (5 damage)
             ... on level 4 of the Dungeon.
             The game lasted 00:05:20 (3400 turns).

HAL9000 the Cutter (Vine Stalker Assassin)          Turns: 3400, Time: 00:05:21

Health: 0/30       AC:  3    Str: 15    XL:     6   Next: 45%
Magic:  0/7        EV: 11    Int: 12    God:
Gold:   151        SH:  4    Dex: 15    Spells: 5/5 levels left

rFire    . . .     SeeInvis .   a - +2 dagger
rCold    . . .     Gourm    .   p - +0 buckler
rNeg     . . .     Faith    .   b - +0 robe
rPois    .         Spirit   +   (no helmet)
rElec    .         Reflect  .   c - +0 cloak
rCorr    .         Harm     .   (no gloves)
MR       .....                  (no boots)
Stlth    +++.......             (no amulet)
HPRegen  0.50/turn              (no ring)
MPRegen  0.10/turn              (no ring)

@: no status effects
A: fangs 2, regeneration 1, magic shield, antimagic bite, no potion heal 3, rot
immunity
a: no special abilities


You were on level 4 of the Dungeon.
You were not hungry.

You visited 1 branch of the dungeon, and saw 4 of its levels.

You collected 151 gold pieces.

Inventory:

Hand Weapons
 a - a +2 dagger (weapon)
Missiles
 d - 27 poisoned darts
 e - 2 curare-tipped darts (quivered)
Armour
 b - a +0 robe (worn)
 c - a +0 cloak (worn)
 p - a +0 buckler (worn)
Jewellery
 q - an uncursed ring of fire
 t - an uncursed amulet of the gourmand {unknown}
Wands
 w - a wand of iceblast (10)
Scrolls
 h - a scroll of teleportation {unknown}
 i - 6 scrolls of identify {unknown}
 l - 2 scrolls of remove curse {unknown}
 r - a scroll of fear {unknown}
 u - a scroll of fog {unknown}
 v - a scroll of amnesia {unknown}
Potions
 g - a potion of ambrosia {unknown}
 j - a potion of haste {unknown}
 k - 3 potions of curing {unknown}
 m - a potion of heal wounds {unknown}
 n - a potion of berserk rage {unknown}
 o - a potion of flight {unknown}
 s - a potion of degeneration {unknown}
Comestibles
 f - 3 rations
 x - 2 chunks of flesh


   Skills:
 - Level 1.7 Fighting
 + Level 5.4 Short Blades
 - Level 1.7 Throwing
 - Level 0.7 Dodging
 - Level 4.8 Stealth
 * Level 2.2 Shields


You had 5 spell levels left.
You didn't know any spells.
Your spell library contained the following spells:

 Spells                   Type           Power        Failure   Level  Hunger
 Magic Dart               Conj           #...         38%         1    ##.....
 Blink                    Tloc           N/A          52%         2    ###....
 Call Imp                 Summ           #.......     52%         2    ###....
 Slow                     Hex            #.......     52%         2    ###....
 Conjure Flame            Conj/Fire      #.......     77%         3    ####...
 Mephitic Cloud           Conj/Pois/Air  #.......     77%         3    ####...


Dungeon Overview and Level Annotations

Branches:
Dungeon (4/15)
 Temple: D:4-7

Altars:

Shops:
D:4 =

Annotations:
D:4 Duvessa


Innate Abilities, Weirdness & Mutations

You have extremely sharp teeth.
Your natural rate of healing is unusually fast.
When hurt, damage is shared between your health and your magic reserves.
Your bite disrupts and absorbs the magic of your enemies.
Potions cannot restore your health.
You are immune to rotting.


Message History

HP restored.
Quiver which item? (- for none, * to show all) (? for menu, Esc to quit)
Quivering
e - 2 curare-tipped darts for throwing.
Duvessa shouts!
Duvessa goes berserk!
Duvessa rages.
Throwing (i - inventory. (/) - cycle)
e - 2 curare-tipped darts (quivered)
Press: ? - help, Shift-Dir - straight line, f - Duvessa
Aim: Duvessa, wielding a +0 rapier and wearing a +0 ring mail (berserk, fast, unusually strong)
Okay, then.
You block Duvessa's attack. Duvessa hits you with a +0 rapier.
Duvessa hits you with a +0 rapier. Duvessa hits you with a +0 rapier!
Duvessa hits you with a +0 rapier!
* * * LOW HITPOINT WARNING * * *
There is a stone staircase leading up here.
Unknown command.
Duvessa hits you with a +0 rapier.
You die...

##############.................
##.....#.....##.>...............
##...............................
#>..............................>
.................................
....<............................
..................##.............
...............e###..............
................@#.)##.....#.....
.................#.##########.###
........#........#.# #.#
....#####..#.........# #.#
.................#...... #.#
....###....÷.....##.#....# ..
.)......†.................
....#...##.......####.....
.................# # ###


You could see Duvessa (berserk).

Vanquished Creatures
  An ogre (D:4)
  Dowan (D:4)
  A centaur skeleton (D:4)
  A worker ant (D:4)
  A hound skeleton (D:4)
  6 adders
  3 worms
  3 dart slugs
  2 leopard geckos
  An orc (D:3)
  2 ball pythons
  7 bats
  2 giant cockroaches (D:1)
  2 goblins (D:2)
  5 hobgoblins
  2 jackals (D:2)
  5 kobolds
  2 quokkas
  6 frilled lizards
  A leopard gecko skeleton (D:4)
  10 rats
64 creatures vanquished.

Notes
Turn   | Place    | Note
-------+----------+-------------------------------------------
     0 | D:1      | HAL9000 the Vine Stalker Assassin began the quest for the
                  | Orb.
     0 | D:1      | Reached XP level 1. HP: 11/11 MP: 2/2
    72 | D:1      | Reached skill level 2 in Short Blades
    97 | D:1      | Reached XP level 2. HP: 8/15 MP: 1/3
   579 | D:1      | Reached skill level 3 in Short Blades
  1033 | D:1      | Reached XP level 3. HP: 18/18 MP: 4/4
  1559 | D:2      | Gained mutation: Your natural rate of healing is unusually
                  | fast. [Vine Stalker growth]
  1559 | D:2      | Reached XP level 4. HP: 21/23 MP: 3/5
  1603 | D:2      | Found a faded altar of an unknown god.
  1767 | D:2      | Reached skill level 4 in Short Blades
  2712 | D:3      | Reached skill level 1 in Shields
  2965 | D:4      | Reached XP level 5. HP: 26/26 MP: 6/6
  3013 | D:4      | Noticed an ogre
  3020 | D:4      | Killed an ogre
  3020 | D:4      | Reached skill level 5 in Short Blades
  3020 | D:4      | Reached XP level 6. HP: 30/30 MP: 7/7
  3252 | D:4      | Found Axky's Jewellery Emporium.
  3342 | D:4      | Noticed Dowan
  3342 | D:4      | Noticed Duvessa
  3363 | D:4      | Killed Dowan
  3400 | D:4      | Slain by Duvessa

Levels and vault maps discovered:
D:1:      mrwooster_arrival_statue, layout_rooms
D:2:      layout_loops_ring, chequers_ecumenical_altar_grove
D:3:      layout_loops_corners, first_ration, ebering_dispersal_statue_hall
D:4:      layout_rooms, nicolae_overflow_hidden_temple, tgw_trog, serial_shops,
          kennysheep_mini_moat, uniq_duvessa

Skill      XL: |  1  2  3  4  5  6 |
---------------+-------------------+-----
Short Blades   | 2 3 4 5 |  5.4
Shields        | 1 2 |  2.2
Fighting       | |  1.7
Throwing       | |  1.7
Dodging        | |  0.7
Stealth        | |  4.8

Action                   |  1- 3 |  4- 6 || total
-------------------------+-------+-------++-------
Melee: Dagger            |    98 |   125 ||   223
       Bite              |    26 |    29 ||    55
Throw: Dart              |     3 |     4 ||     7
 Stab: Sleeping          |     4 |     9 ||    13
       Distracted        |       |     1 ||     1
  Eat: Chunk             |     2 |     6 ||     8
Armor: Robe              |    13 |    25 ||    38
Dodge: Dodged            |    50 |    56 ||   106
Block: Buckler           |       |    22 ||    22

Table legend:
 A = Non-vault XP
 B = Vault XP
 C = Vault XP percentage of total XP
 D = Non-vault monster count
 E = Vault monster count
 F = Vault count percentage of total count
                 A         B        C        D         E       F
            +---------+---------+-------+---------+---------+-------
      Total |     388 |      67 |  14.7 |      63 |       1 |   1.6
            +---------+---------+-------+---------+---------+-------
        D:1 |      40 |       0 |   0.0 |      20 |       0 |   0.0
        D:2 |      67 |       0 |   0.0 |      20 |       0 |   0.0
        D:3 |      53 |       0 |   0.0 |      14 |       0 |   0.0
        D:4 |     228 |      67 |  22.7 |       9 |       1 |  10.0
            +---------+---------+-------+---------+---------+-------
